[Event "Kvibergspelen 2022"]
[Site "Kviberg Park Hotel & Conference, Krutvagen 2, Gothenburg, Sweden"]
[Date "2022.09.30"]
[Round "4.12"]
[White "Frisk, Hans"]
[Black "Mohammadi, Amir"]
[Result "0-1"]
[TimeControl "15 minutes + 5 seconds per move from move one (Round 1 - 4) / 90 minutes + 30 seconds per move from move one (Round 5 - 8)"]
[WhiteFideId "1708570"]
[BlackFideId "1705890"]
[WhiteElo "1911"]
[BlackElo "2294"]

1. Nf3 f5 2. g3 Nf6 3. Bg2 e6 4. c4 d5 5. cxd5 exd5 6.
O-O c6 7. d3 Bd6 8. b3 O-O 9. Bb2 f4 10. Nbd2 Bg4 11. Re1 Nbd7 12. Rc1 Qa5 13. Qc2 Rae8 14. a3 Qd8 15. b4 Kh8 16.
Qb3 a6 17. Qc3 Qe7 18. e4 fxe3 19. Rxe3 Qf7 20. Rce1 Rxe3 21. Rxe3 Qh5 22. Qd4 c5 23. bxc5 Bxc5 24. Qc3 Bxe3 25. fxe3 Re8 26. e4 dxe4 27. dxe4 Qc5+ 28. Qxc5 Nxc5 29. Ne5 Be6 30. Kf2 Ng4+ 31.
Nxg4 Nd3+ 32. Ke3 Nxb2 33. Ne5 g6 34. Bf1 Kg7 35. Ndc4 Bxc4 36. Nxc4 Nxc4+ 37. Bxc4 Kf6 38. Kd4 b5 39. Bd5 Rb8 40. Kc5 Ke5 41.
g4 a5 42. Kc6 b4 43. axb4 Rxb4 0-1

[Event "Kvibergspelen 2022"]
[Site "Kviberg Park Hotel & Conference, Krutvagen 2, Gothenburg, Sweden"]
[Date "2022.09.30"]
[Round "4.13"]
[White "Nilsson, Oliver"]
[Black "Burwick, Malte"]
[Result "1-0"]
[TimeControl "15 minutes + 5 seconds per move from move one (Round 1 - 4) / 90 minutes + 30 seconds per move from move one (Round 5 - 8)"]
[WhiteFideId "1730177"]
[BlackFideId "1702475"]
[WhiteElo "1909"]
[BlackElo "2225"]

1. e4 g6 2. d4 Bg7 3. Nf3 d6 4. Bd3 e5 5. dxe5 dxe5 6. Nc3 h6 7. O-O Be6 8. Be3 Nd7 9. Qe2 Ngf6 10. Nd2 Ng4 11. Bc4 Bxc4 12. Nxc4 Nxe3 13.
Qxe3 O-O 14. Rad1 Qc8 15. Nd5 Re8 16. Rd2 Nf8 17. Qa3 Kh7 18. Rfd1 a5 19. Qf3 Kg8 20. Qa3 Qb8 21. Qf3 Ra6 22.
Nce3 Nh7 23. Ne7+ Kf8 24. Rd7 Ng5 25. Qg4 Rd6 26. R1xd6 cxd6 27. N7d5 Rd8 28. Rxd8+ Qxd8 29. h4 Ne6 30. c3 h5 31. Qg3 Bh6 32.
Qh3 b5 33. g3 Bxe3 34. Nxe3 Nc5 35. Qg2 Nd3 36. b3 Qc8 37. Nd5 Qc5 38. Qf3 Qa7 39. Qxd3 1-0

[Event "Kvibergspelen 2022"]
[Site "Kviberg Park Hotel & Conference, Krutvagen 2, Gothenburg, Sweden"]
[Date "2022.09.30"]
[Round "4.14"]
[White "Malmqvist, Glenn"]
[Black "Hauksson, Hordur Aron"]
[Result "0-1"]
[TimeControl "15 minutes + 5 seconds per move from move one (Round 1 - 4) / 90 minutes + 30 seconds per move from move one (Round 5 - 8)"]
[WhiteFideId "1705750"]
[BlackFideId "2303680"]
[WhiteElo "2172"]
[BlackElo "1882"]

1. e4 c5 2. Nf3 Nc6 3. Bb5 g6 4. O-O Bg7 5. c3 e6 6. Re1 Nge7 7. d4 cxd4 8. cxd4 a6 9. Bf1 d5 10.
e5 O-O 11. Nc3 f6 12. exf6 Bxf6 13. Bh6 Bg7 14. Bxg7 Kxg7 15. Ng5 Qd6 16. Qg4 Qf4 17. Qxf4 Rxf4 18. Nxe6+ Bxe6 19. Rxe6 Rxd4 20.
Rae1 Nf5 21. g3 Rd2 22. R6e2 Rxe2 23. Nxe2 Re8 24. Rd1 d4 25. g4 Nh4 26. Nf4 Kf6 27. Bg2 Kg5 28. Nd5 Re2 29.
h3 Nxg2 30. Kxg2 Rxb2 31. Ra1 Nb4 0-1

[Event "Kvibergspelen 2022"]
[Site "Kviberg Park Hotel & Conference, Krutvagen 2, Gothenburg, Sweden"]
[Date "2022.09.30"]
[Round "4.15"]
[White "Berg, Roy"]
[Black "Nygren, David"]
[Result "0-1"]
[TimeControl "15 minutes + 5 seconds per move from move one (Round 1 - 4) / 90 minutes + 30 seconds per move from move one (Round 5 - 8)"]
[WhiteFideId "1711458"]
[BlackFideId "1704761"]
[WhiteElo "1905"]
[BlackElo "2165"]

1. d4 Nf6 2. c4 e6 3. Nf3 c5 4.
d5 exd5 5. cxd5 d6 6. Nc3 g6 7. g3 Bg7 8. Bg2 O-O 9. O-O Re8 10. h3 a6 11. a4 Nbd7 12. Bf4 Qc7 13. Nd2 Nh5 14.
Nc4 Nxf4 15. gxf4 Nb6 16. Qb3 Nxc4 17. Qxc4 Bd7 18. e3 b5 19. axb5 axb5 20. Qb3 b4 21. Ne4 Bb5 22. Rxa8 Rxa8 23.
Rc1 Qb6 24. Nd2 Ba4 25. Qa2 Bc6 26. Qb3 Bb7 27. Nc4 Qd8 28. e4 Bd4 29. e5 dxe5 30. Nxe5 Qf6 31. Nd3 Rc8 32. Kf1 Ba6 33.
Kg1 c4 34. Qa4 cxd3 35. Rxc8+ Bxc8 36. Qe8+ Kg7 37. Qxc8 Qxf4 38. Qg4 Qxf2+ 39. Kh1 Qg1# 0-1

[Event "Kvibergspelen 2022"]
[Site "Kviberg Park Hotel & Conference, Krutvagen 2, Gothenburg, Sweden"]
[Date "2022.09.30"]
[Round "4.16"]
[White "Lindahl, Jonas"]
[Black "Nackholm, Erik"]
[Result "1/2-1/2"]
[TimeControl "15 minutes + 5 seconds per move from move one (Round 1 - 4) / 90 minutes + 30 seconds per move from move one (Round 5 - 8)"]
[WhiteFideId "1710060"]
[BlackFideId "1721593"]
[WhiteElo "2165"]
[BlackElo "1861"]

1. e4 Nf6 2. e5 Nd5 3.
d4 d6 4. Nf3 dxe5 5. Nxe5 c6 6. Be2 Bf5 7. O-O Nd7 8.
Bg4 Bxg4 9. Qxg4 N5f6 10. Qe2 e6 11. Re1 Be7 12. Bg5 O-O 13. Nd2 h6 14. Bh4 Nxe5 15. dxe5 Nd5 16. Bg3 Bg5 17.
Ne4 Bf4 18. Rad1 Qb6 19. c4 Bxg3 20. hxg3 Ne7 21. Nd6 c5 22. Rd3 Nc6 23. Rb3 Nd4 1/2-1/2

[Event "Kvibergspelen 2022"]
[Site "Kviberg Park Hotel & Conference, Krutvagen 2, Gothenburg, Sweden"]
[Date "2022.09.30"]
[Round "4.17"]
[White "Bohman Karlholm, Adrian"]
[Black "Frost, Niklas"]
[Result "1-0"]
[TimeControl "15 minutes + 5 seconds per move from move one (Round 1 - 4) / 90 minutes + 30 seconds per move from move one (Round 5 - 8)"]
[WhiteFideId "1720643"]
[BlackFideId "1717235"]
[WhiteElo "2117"]
[BlackElo "1843"]

1. d4 d5 2. c4 e6 3. Nc3 Nf6 4. cxd5 exd5 5. Bg5 c6 6. Qc2 h6 7. Bh4 Be7 8. e3 Ne4 9. Bxe7 Qxe7 10.
Nxd5 cxd5 11. Qxc8+ Qd8 12. Bb5+ Nc6 13. Bxc6+ bxc6 14. Qxc6+ Kf8 15. Ne2 Qa5+ 16. Nc3 Ke7 17. Qxd5 Qxd5 18.
Nxd5+ Kd6 19. Nc3 1-0

[Event "Kvibergspelen 2022"]
[Site "Kviberg Park Hotel & Conference, Krutvagen 2, Gothenburg, Sweden"]
[Date "2022.09.30"]
[Round "4.18"]
[White "Borvander, Tom"]
[Black "Morell, Oscar"]
[Result "1-0"]
[TimeControl "15 minutes + 5 seconds per move from move one (Round 1 - 4) / 90 minutes + 30 seconds per move from move one (Round 5 - 8)"]
[WhiteFideId "1707388"]
[BlackFideId "1752952"]
[WhiteElo "2098"]
[BlackElo "1833"]

1. d4 d5 2. c4 c6 3. Nf3 Nf6 4. Qc2 Bg4 5. Ne5 Bh5 6.
e3 Nbd7 7. Nxd7 Qxd7 8. Bd3 e6 9. O-O Bd6 10. h3 O-O 11. b3 Rac8 12. Bb2 Bb8 13. Nd2 Qd6 14. f4 Bg6 15. a4 a5 16.
Ba3 Qd7 17. Bxf8 Rxf8 18. c5 Bc7 19.
Rab1 Rb8 20. Bxg6 hxg6 21. Qc3 b5 22. cxb6 Bxb6 23. Rfc1 Rc8 24. b4 Qa7 25. Rc2 Nd7 26. Nb3 axb4 27. Qxb4 c5 28. dxc5 Rxc5 29. Nxc5 Bxc5 30.
Rxc5 1-0

[Event "Kvibergspelen 2022"]
[Site "Kviberg Park Hotel & Conference, Krutvagen 2, Gothenburg, Sweden"]
[Date "2022.09.30"]
[Round "4.19"]
[White "Olsson, Thomas"]
[Black "Briem, Stephan"]
[Result "0-1"]
[TimeControl "15 minutes + 5 seconds per move from move one (Round 1 - 4) / 90 minutes + 30 seconds per move from move one (Round 5 - 8)"]
[WhiteFideId "1702696"]
[BlackFideId "2312506"]
[WhiteElo "1908"]
[BlackElo "2083"]

1. e4 d5 2. exd5 Qxd5 3. Nc3 Qd6 4. d4 Nf6 5. Bc4 a6 6. Bb3 b5 7. Nf3 Bb7 8. a3 e6 9. h3 c5 10. Be3 c4 11. Ba2 Nbd7 12. Qe2 Be7 13. Rd1 O-O 14. Bg5 h6 15. Bh4 Rfe8 16.
Bb1 Rad8 17. Rd2 Qb6 18. Rd1 Nf8 19. Bg3 Bxf3 20. Qxf3 Rxd4 21. Rxd4 Qxd4 22. O-O Rd8 23. Rd1 Qb6 24.
Rxd8 Bxd8 25. Qa8 Be7 26. Qc8 a5 27. Bc7 Qc6 28.
Qb8 b4 29. axb4 axb4 30. Nb5 N6d7 31. Qe8 Bc5 0-1

[Event "Kvibergspelen 2022"]
[Site "Kviberg Park Hotel & Conference, Krutvagen 2, Gothenburg, Sweden"]
[Date "2022.10.01"]
[Round "5.1"]
[White "Hillarp, Tiger"]
[Black "Hector, Jonny"]
[Result "1-0"]
[TimeControl "15 minutes + 5 seconds per move from move one (Round 1 - 4) / 90 minutes + 30 seconds per move from move one (Round 5 - 8)"]
[WhiteTitle "GM"]
[BlackTitle "GM"]
[WhiteFideId "1700812"]
[BlackFideId "1700090"]
[WhiteElo "2511"]
[BlackElo "2454"]

1. Nf3 d5 2. c4 d4 3. b4 g5 4. Qa4+ Bd7 5. Qb3 Bg7 6. Nxg5 e5 7. Ne4 f5 8. Nc5 b6 9. Nxd7 Nxd7 10.
g3 Ngf6 11. Bh3 c5 12. Bxf5 O-O 13. d3 cxb4 14. Qxb4 Nc5 15. Nd2 Qe8 16. f3 Qh5 17. Be4 Nfxe4 18. Nxe4 Qxf3 19. exf3 Nxd3+ 20. Ke2 Nxb4 21. Ba3 a5 22. Rhb1 d3+ 23. Kf2 Nc2 24. Bxf8 Rxf8 25. Rd1 Nxa1 26. Rxa1 Rc8 27. Rc1 Bh6 28.
Rc3 Rd8 29. Ke1 Kf7 30. Nf2 d2+ 31. Kd1 Rd4 32. Ne4 Ke7 33. a3 Kd7 34. c5 b5 35. c6+ Kc7 36. Rc5 b4 37. Rxe5 bxa3 38.
Rxa5 Bf8 39. Ra6 Bb4 40. Nf6 Kc8 41. Ne8 Kb8 42. c7+ Kb7 43. Ra7+ Kxa7 44. c8=Q a2 45. Qc7+ Ka6 46. Qc6+ Ka5 47.
Qa8+ Kb5 48. Nc7+ Kb6 49. Qa6+ Kxc7 50. Qa7+ Kc6 51. Qxd4 1-0

[Event "Kvibergspelen 2022"]
[Site "Kviberg Park Hotel & Conference, Krutvagen 2, Gothenburg, Sweden"]
[Date "2022.10.01"]
[Round "5.2"]
[White "Stefansson, Vignir Vatnar"]
[Black "Abdrlauf, Elham"]
[Result "1/2-1/2"]
[TimeControl "15 minutes + 5 seconds per move from move one (Round 1 - 4) / 90 minutes + 30 seconds per move from move one (Round 5 - 8)"]
[WhiteTitle "IM"]
[BlackTitle "IM"]
[WhiteFideId "2308649"]
[BlackFideId "1533533"]
[WhiteElo "2452"]
[BlackElo "2487"]

1. Nf3 Nf6 2. c4 e6 3. g3 d5 4. Bg2 Be7 5. d4 O-O 6. Nc3 c6 7. O-O b6 8. Nd2 a5 9. b3 Bb7 10.
Bb2 Na6 11. Re1 Qb8 12. e4 Rd8 13. Qf3 Rd7 14. Rac1 dxe4 15. Ndxe4 Qd8 16. Qe2 Nxe4 17. Nxe4 Qf8 18. Nc3 Bf6 19.
Na4 Bxd4 20. Bxd4 Rxd4 21. Nxb6 Rad8 22. Na4 Nb4 23. Rcd1 Nd3 24. Rf1 Qd6 25. Qe3 e5 26. Be4 Nxf2 27. Rxd4 Nh3+ 28. Kg2 exd4 29. Qd2 Bc8 30.
Bf5 Bxf5 31. Rxf5 Qe6 32. Rf1 Re8 33. Nc5 Qe7 34. Nd3 Ng5 35. Re1 Ne6 36. Qxa5 h6 37. Qd2 c5 38. Qf2 Qd7 39. h4 Re7 40. Re5 Qa7 41.
Kh2 Nf8 42. Rxe7 Qxe7 43. a3 Ng6 44.
Qf3 Ne5 45. Qa8+ Kh7 46. Qe4+ Ng6 47. Qxe7 Nxe7 48. Nxc5 Nc6 49. Kg2 Kg6 50. Kf3 f5 51. Kf4 Kf6 52. h5 Ne5 53. a4 g5+ 54.
hxg6 Nxg6+ 55. Kf3 Ne5+ 56. Ke2 Nc6 57. Nb7 h5 58. a5 f4 59. gxf4 h4 60. Kf3 d3 61. Nc5 Nxa5 62. Nxd3 Kf5 63.
Nc5 h3 64. Ne4 Nxb3 65. Ng3+ Ke6 66. Kg4 h2 67. f5+ Kf7 68. Kh3 Nd2 69. Kxh2 1/2-1/2

[Event "Kvibergspelen 2022"]
[Site "Kviberg Park Hotel & Conference, Krutvagen 2, Gothenburg, Sweden"]
[Date "2022.10.01"]
[Round "5.3"]
[White "Kucuksari, Kaan"]
[Black "Hamark, Jesper"]
[Result "1/2-1/2"]
[TimeControl "15 minutes + 5 seconds per move from move one (Round 1 - 4) / 90 minutes + 30 seconds per move from move one (Round 5 - 8)"]
[WhiteTitle "FM"]
[WhiteFideId "6380166"]
[BlackFideId "1704338"]
[WhiteElo "2482"]
[BlackElo "2348"]

1. d4 Nf6 2. c4 g6 3. g3 Bg7 4. Bg2 O-O 5. Nc3 d6 6. Nf3 c5 7. d5 e6 8. O-O exd5 9. cxd5 Nbd7 10.
Bf4 Qe7 11. Qd2 Ng4 12. Rab1 Nge5 13. b4 b6 14. bxc5 bxc5 15. Nb5 Nxf3+ 16. exf3 Ne5 17. Rfe1 Qd7 18. Bh6 Rb8 19. Bxg7 Kxg7 20.
a4 a6 21. Nc3 Rxb1 22. Rxb1 Qd8 23. f4 Ng4 24. Ne4 Bf5 25. Qb2+ Kg8 26. h3 Bxe4 27. Bxe4 Nf6 28. Bf3 Nd7 29.
Qb7 Qb8 30. a5 c4 31. Qxb8 Rxb8 32. Rc1 Rb4 33. Be2 Ra4 34. Rxc4 Rxa5 35. Rc6 Rxd5 36. Rxa6 Nf6 37. Bc4 Rd2 38.
Kg2 d5 39. Ra2 Rd4 40. Be2 h5 41. Kf3 Kg7 42. Ke3 Re4+ 43. Kf3 Rd4 44. Ra3 Kf8 45. Ra7 Rb4 46. Bd3 Rb2 47. Ke3 Ne4 48.
Bxe4 dxe4 49. Ra4 f5 50. Ra7 Rb3+ 51. Kd4 h4 52. gxh4 Rxh3 53. Ke5 Rxh4 54. Kf6 Ke8 55. Ke6 Kf8 56. Kf6 Ke8 57. Ke6 Kf8 58.
Kf6 1/2-1/2

[Event "Kvibergspelen 2022"]
[Site "Kviberg Park Hotel & Conference, Krutvagen 2, Gothenburg, Sweden"]
[Date "2022.10.01"]
[Round "5.5"]
[White "Golubka, Petro"]
[Black "Strom-Engdahl, Alexander"]
[Result "1-0"]
[TimeControl "15 minutes + 5 seconds per move from move one (Round 1 - 4) / 90 minutes + 30 seconds per move from move one (Round 5 - 8)"]
[WhiteTitle "GM"]
[WhiteFideId "14114224"]
[BlackFideId "1741586"]
[WhiteElo "2360"]
[BlackElo "2114"]

1. c4 c5 2. Nc3 Nc6 3. g3 g6 4. Bg2 Bg7 5. d3 d6 6. Nf3 e5 7. O-O Nge7 8. a3 O-O 9. Rb1 a5 10.
Ne1 Be6 11. Nc2 d5 12. cxd5 Nxd5 13. Ne3 Nxe3 14. Bxe3 Qe7 15. Bxc6 bxc6 16. Ne4 Rfd8 17. Nxc5 Bd5 18. f3 f5 19.
Qc2 h5 20. Bf2 f4 21. b3 g5 22. g4 hxg4 23. fxg4 Rd6 24. e4 Bf7 25. Kg2 Rdd8 26. h3 Qc7 27. Qc3 Bf8 28. Rfd1 Re8 29. h4 Qe7 30. hxg5 Qxg5 31. Kf3 Ra7 32. Rh1 Bxc5 33.
Bxc5 Be6 34. Rbg1 Rg7 35. Kf2 Bxg4 36. Qxa5 Qf6 37. a4 Qe6 38. Qc3 Rb8 39. Rb1 Bh3 40. Rhg1 Qf6 41. Rxg7+ Kxg7 42.
Rg1+ Kf7 43. Qa5 Rb7 44. Ke1 Rd7 45. Kd2 f3 46. Bf2 Qd6 47. Qc3 Bg2 48. a5 Qh6+ 49. Kc2 Qd6 50. Ra1 Rd8 51.
a6 Bh3 52. a7 Ra8 53. Ra5 Bf1 54. Rxe5 Bxd3+ 55. Kb2 Bf1 56. Qxf3+ Qf6 57. Qxf6+ Kxf6 58. Bd4 Kg6 59. Re6+ Kg5 60. Be3+ Kg4 61. Bc5 Bb5 62.
Rf6 1-0

[Event "Kvibergspelen 2022"]
[Site "Kviberg Park Hotel & Conference, Krutvagen 2, Gothenburg, Sweden"]
[Date "2022.10.01"]
[Round "5.6"]
[White "Grahn, Vidar"]
[Black "Agdestein, Simen"]
[Result "0-1"]
[TimeControl "15 minutes + 5 seconds per move from move one (Round 1 - 4) / 90 minutes + 30 seconds per move from move one (Round 5 - 8)"]
[BlackTitle "GM"]
[WhiteFideId "1744780"]
[BlackFideId "1500015"]
[WhiteElo "2054"]
[BlackElo "2576"]

1. e4 c5 2. Nf3 e6 3. d4 cxd4 4. Nxd4 Nc6 5. c4 Nf6 6. Nc3 Bb4 7. Nxc6 bxc6 8. Bd3 e5 9. O-O O-O 10.
Na4 d5 11. exd5 cxd5 12. a3 Bd6 13. Bg5 e4 14. Bc2 dxc4 15. Nc3 Bb7 16. Bxf6 Qxf6 17. Bxe4 Bxe4 18. Nxe4 Bxh2+ 19. Kxh2 Qh4+ 20.
Kg1 Qxe4 21. Re1 Qc6 22. Rc1 Rad8 23. Qc2 Rd4 24. Re3 Rg4 25. g3 h5 26. Rc3 Qb6 27. Kg2 Qb7+ 28. Kg1 h4 29.
Qf5 Rg6 30. Qf3 Qb6 31. Qe3 hxg3 32. Qxb6 gxf2+ 33. Kxf2 Rxb6 34. R1c2 Rfb8 35. Rxc4 Rxb2 36. Rxb2 Rxb2+ 37. Kf1 Rb5 38. Rc8+ Kh7 39. Rc7 Rf5+ 40. Kg2 a5 41. a4 g5 42.
Rb7 Kg6 43. Rb5 f6 44. Kg3 Re5 45. Kf3 Kf5 46. Rb8 g4+ 47. Kg3 Re3+ 48. Kg2 Kf4 49. Rb5 Re5 50. Rb8 Re2+ 51. Kf1 Ra2 52.
Kg1 Rxa4 53. Rb2 f5 54. Kh1 Rb4 55. Rf2+ Kg3 56. Rg2+ Kf3 57. Kh2 f4 58. Rg1 g3+ 59. Kh1 a4 60.
Rf1+ Kg4 61. Ra1 f3 62. Kg1 a3 0-1

[Event "Kvibergspelen 2022"]
[Site "Kviberg Park Hotel & Conference, Krutvagen 2, Gothenburg, Sweden"]
[Date "2022.10.01"]
[Round "5.7"]
[White "Mohammadi, Amir"]
[Black "Lindholm, Gustav"]
[Result "1-0"]
[TimeControl "15 minutes + 5 seconds per move from move one (Round 1 - 4) / 90 minutes + 30 seconds per move from move one (Round 5 - 8)"]
[WhiteFideId "1705890"]
[BlackFideId "1736515"]
[WhiteElo "2294"]
[BlackElo "2026"]

1. e4 c5 2. Nc3 d6 3. g3 Nc6 4. Bg2 g6 5. d3 Bg7 6. Be3 Rb8 7. Qd2 b5 8. h3 e6 9. Nge2 b4 10.
Nd1 Nd4 11. O-O h5 12. a3 a5 13. Kh2 Ne7 14. axb4 axb4 15. f4 O-O 16. g4 hxg4 17. hxg4 f5 18. Bxd4 cxd4 19. gxf5 gxf5 20.
Rf3 e5 21. Nf2 Rf6 22. Rg3 Rh6+ 23. Kg1 Ng6 24. Nh3 Qh4 25. Ra7 Kh8 26. Ng5 Qh2+ 27. Kf2 fxe4 28. dxe4 exf4 29. Nf7+ Kh7 30.
Nxf4 Nxf4 31. Qxf4 Rf6 32. Rxg7+ Kxg7 33. Ne5+ Rb7 34. Rxb7+ Bxb7 35. Qxf6+ Kxf6 36. Ng4+ Kg5 37. Nxh2 Kf4 38.
b3 Ba6 39. Bf1 Bb7 40. Bd3 d5 41. e5 Kxe5 42. Nf3+ Kd6 43. Nxd4 Kc5 44. Ke3 Bc8 45. Nf3 Bg4 46. Ne5 Bd1 47.
Nd7+ Kd6 48. Nb8 1-0

[Event "Kvibergspelen 2022"]
[Site "Kviberg Park Hotel & Conference, Krutvagen 2, Gothenburg, Sweden"]
[Date "2022.10.01"]
[Round "5.8"]
[White "Heidarsson, Arnar Milutin"]
[Black "Olsson, William"]
[Result "0-1"]
[TimeControl "15 minutes + 5 seconds per move from move one (Round 1 - 4) / 90 minutes + 30 seconds per move from move one (Round 5 - 8)"]
[BlackTitle "FM"]
[WhiteFideId "2312875"]
[BlackFideId "1741721"]
[WhiteElo "2020"]
[BlackElo "2288"]

1. d4 d5 2. c4 e6 3. Nc3 c6 4. Nf3 Nf6 5. e3 Nbd7 6. Be2 dxc4 7. a4 Bb4 8. Bxc4 O-O 9. O-O Qe7 10. Ne5 Nd5 11. Qc2 Nxe5 12.
dxe5 Nxc3 13. bxc3 Bc5 14. Bd3 g6 15. f4 Bd7 16. Rf3 b5 17. a5 a6 18. Bb2 Rfd8 19. g4 Be8 20. Rd1 Ra7 21.
c4 Rb7 22. cxb5 cxb5 23. f5 Rc7 24.
f6 Qf8 25. Qe2 Qh6 26. Kg2 Bc6 27. e4 Qg5 28. Kg3 h5 29. h3 Bd4 30. Bc1 Bxe5+ 31. Kg2 Qh4 32. Bxb5 Rxd1 33. Qxd1 Bxb5 34.
Qd8+ Kh7 35. Qf8 Rc2+ 0-1

[Event "Kvibergspelen 2022"]
[Site "Kviberg Park Hotel & Conference, Krutvagen 2, Gothenburg, Sweden"]
[Date "2022.10.01"]
[Round "5.9"]
[White "Dingertz, Erik"]
[Black "Johannesson, Oliver"]
[Result "1-0"]
[TimeControl "15 minutes + 5 seconds per move from move one (Round 1 - 4) / 90 minutes + 30 seconds per move from move one (Round 5 - 8)"]
[BlackTitle "FM"]
[WhiteFideId "1741578"]
[BlackFideId "2305623"]
[WhiteElo "2001"]
[BlackElo "2205"]

1. Nf3 d5 2. c4 c6 3. g3 Nf6 4. Bg2 Bf5 5. Qb3 Qb6 6. Nc3 e6 7. d3 Nbd7 8. cxd5 Qxb3 9. axb3 exd5 10.
O-O Be7 11. Nd4 Bg6 12. e4 dxe4 13. dxe4 O-O 14. Re1 Bc5 15. Nc2 Rfe8 16. b4 Bb6 17. h3 Ne5 18. b5 Nd3 19. Re2 cxb5 20.
Bg5 Nxe4 21. Nxe4 Nxf2 22. Rxf2 Bxe4 23. Be3 Bxg2 24. Bxb6 Bxh3 25. Rxa7 Rxa7 26. Bxa7 Re4 27. Nd4 h5 28. Re2 Rxe2 29. Nxe2 g5 30.
Bd4 Kh7 31. Nc3 Bd7 32. Ne4 Kg6 33. Nf6 Bc6 34. b4 Kf5 35. Kf2 Kg6 36. Ke3 Kf5 37. Bc3 Kg6 38. Be5 Kf5 39. Bc3 Kg6 40.
Kf2 Bh1 41. Kg1 Bc6 42. Kh2 Bf3 43. Kg1 Bc6 44. Kf2 Bh1 45. Ke3 Bc6 46. Be5 Kf5 47. Kd4 Bf3 48. Ne8 Ke6 49. Nc7+ Kf5 50.
Nxb5 Kg4 51. Ke3 Bc6 52. Nd4 Bd7 53. Bf6 Kxg3 54. Bxg5 h4 55. Ne2 Kg4 56. Bf4 Bc6 57. Ng1 Bg2 58.
Be5 Bc6 59. Kf2 Kf5 60. Bd6 Kg4 61. Ne2 f5 62. Nf4 Be4 63. Kg1 Bc6 64. Kh2 Bb5 65. Ng2 Kf3 66. Nxh4+ Ke4 67. Kg3 Be2 68.
Ng6 Bb5 69. Nf4 Bc6 70. Kh4 Kd4 71. Kg5 Kc4 72. Kxf5 Kb5 73. Ke5 Ka6 74. Bc5 Bh1 75. Kd6 Bf3 76. Kc7 Kb5 77. Ne6 Bg2 78.
Kb8 Bh1 79. Ka7 Kc6 80. Nd4+ Kc7 81. Bb6 Kc8 82. Nb5 Kd7 83. Nd4 Kc8 84. b5 Bg2 85. Bc5 Bf1 86. b6 Bg2 87. Nb5 Kd7 88.
Nd6 Bh1 89. Nxb7 Kc8 90. Na5 Kd7 91. Bd4 Kc8 92. Ka6 Kb8 93. b7 Bxb7+ 94. Nxb7 Kc7 95. Na5 Kd6 96. Kb5 Kd5 97. Bb2 Kd6 98.
Nc4+ Kd5 99. Ne5 Ke4 100. Kc4 Ke3 101. Kd5 Kf4 102. Bc1+ Kf5 103. Be3 Kf6 104. Nc6 Kf5 105. Ne7 Kg4 106.
Ke4 Kg3 107. Nd5 Kg2 108. Kf4 Kf1 109. Kf3 Ke1 110. Nc3 Kf1 111. Bf4 Kg1 112. Ne4 Kh1 113. Nf2+ Kg1 114. Bg3 Kf1 115.
Bh2 Ke1 116. Ne4 Kf1 117. Nd2+ Ke1 118. Ke3 Kd1 119. Kd3 Kc1 120. Nc4 Kd1 121. Bg3 Kc1 122. Kc3 Kd1 123. Kd3 Kc1 124.
Bf2 Kd1 125. Nb2+ Kc1 126. Kc3 Kb1 127. Kb3 Kc1 128. Be3+ Kb1 129. Bd2 Ka1 130. Nc4 Kb1 131. Na3+ Ka1 132. Bc3# 1-0

[Event "Kvibergspelen 2022"]
[Site "Kviberg Park Hotel & Conference, Krutvagen 2, Gothenburg, Sweden"]
[Date "2022.10.01"]
[Round "5.10"]
[White "Rasti, Arvin"]
[Black "Muntean, Victor"]
[Result "1/2-1/2"]
[TimeControl "15 minutes + 5 seconds per move from move one (Round 1 - 4) / 90 minutes + 30 seconds per move from move one (Round 5 - 8)"]
[WhiteFideId "1741160"]
[BlackFideId "1054414"]
[WhiteElo "2186"]
[BlackElo "1968"]

1. d4 Nf6 2. Bg5 e6 3. Nd2 d5 4. Ngf3 c5 5. e3 Nc6 6. c3 cxd4 7. exd4 Bd6 8. Bd3 O-O 9. O-O h6 10.
Bh4 e5 11. dxe5 Bxe5 12. Nxe5 Nxe5 13. Be2 Ng6 14. Bg3 d4 15. cxd4 Qxd4 16. Nc4 Rd8 17. Bf3 Be6 18. Qxd4 Rxd4 19.
Bxb7 Rad8 20. Ne5 Rd2 21. Nxg6 fxg6 22. Be5 Re2 23. Bc3 Nd5 24. Rad1 Rd7 25. Bxd5 Rxd5 26. Rde1 Rxe1 27. Rxe1 Rd6 28.
h3 Kf7 29. a3 g5 30. Re5 a6 31. Rc5 Bd7 32. Rc7 g6 33. Bb4 Rd1+ 34. Kh2 Kf6 35. Ra7 Bb5 36. a4 Bd3 37. Rc7 Ke6 38.
Rc6+ Kf5 39. Bf8 h5 40. Bg7 Kf4 41. Rf6+ Bf5 42. Rxa6 Rd2 43. f3 g4 44. hxg4 hxg4 45. fxg4 Be4 46.
Kh3 Rxg2 47. Bh6+ g5 48. Rf6+ Ke5 49. Rf8 Rg1 50. Re8+ Kd4 51. Bxg5 Rh1+ 52. Kg3 Rg1+ 53. Kf2 Rg2+ 54.
Kf1 Rxg4 55. Bd8 Bc6 56. Bb6+ Kd3 57. Re3+ Kd2 58. a5 Rb4 59. Re2+ Kd1 60. Re1+ Kc2 61. Re2+ Kb1 62. Re6 Bd5 63.
Rd6 Bc4 64. Kf2 Rxb2+ 65. Ke3 Re2+ 66. Kf4 Kc2 67. Be3 Kb3 68. a6 Ra2 69. a7 Bf1 70. Ke5 Bg2 71. Kd4 Rxa7 72. Kd3 Bf1 73.
Kd2 Ra2+ 74. Kd1 Be2+ 75. Ke1 Bc4 76. Rb6+ Kc3 77. Bh6 Re2+ 78. Kd1 Rg2 79. Ke1 Re2+ 1/2-1/2

[Event "Kvibergspelen 2022"]
[Site "Kviberg Park Hotel & Conference, Krutvagen 2, Gothenburg, Sweden"]
[Date "2022.10.01"]
[Round "5.11"]
[White "Nygren, David"]
[Black "Fridgeirsson, Dagur Andri"]
[Result "0-1"]
[TimeControl "15 minutes + 5 seconds per move from move one (Round 1 - 4) / 90 minutes + 30 seconds per move from move one (Round 5 - 8)"]
[WhiteFideId "1704761"]
[BlackFideId "2303124"]
[WhiteElo "2165"]
[BlackElo "1943"]

1. e4 c5 2. c3 Nc6 3. d4 cxd4 4. cxd4 d6 5. Nf3 g6 6. Nc3 Bg7 7. d5 Ne5 8. Nd4 Qb6 9. Bb5+ Bd7 10.
Be3 Bh6 11. Bxh6 Nxh6 12. Bxd7+ Nxd7 13. Qd2 Ng4 14. O-O Nge5 15. b3 Rc8 16. Na4 Qa6 17. Rad1 O-O 18. h3 Nf6 19. Rfe1 Rc7 20.
Nc3 Rfc8 21. Ncb5 Rc5 22. a4 Qb6 23. f4 Ned7 24. Kh2 a6 25. Na3 Qd8 26. Nc4 Qf8 27. f5 Ne5 28. Nxe5 dxe5 29.
Nf3 Rc2 30. Qg5 R8c3 31. Nxe5 h6 32. Qf4 g5 33. Qf1 Qb8 34. d6 exd6 35. Nf3 g4 36. Nd4 g3+ 37. Kh1 Rf2 38. Qg1 Ng4 39.
f6 Ne3 40. Rxe3 Rxe3 41. Rf1 Qa7 42. Rxf2 gxf2 0-1

[Event "Kvibergspelen 2022"]
[Site "Kviberg Park Hotel & Conference, Krutvagen 2, Gothenburg, Sweden"]
[Date "2022.10.01"]
[Round "5.12"]
[White "Johannsson, Birkir Isak"]
[Black "Berntsson, Jonas"]
[Result "1/2-1/2"]
[TimeControl "15 minutes + 5 seconds per move from move one (Round 1 - 4) / 90 minutes + 30 seconds per move from move one (Round 5 - 8)"]
[WhiteFideId "2314673"]
[BlackFideId "1729470"]
[WhiteElo "2165"]
[BlackElo "1915"]

1. Nf3 Nf6 2. g3 g6 3. b3 Bg7 4. Bb2 d6 5. d4 O-O 6. Bg2 c6 7. O-O d5 8. c4 Bf5 9. Nc3 Ne4 10.
e3 Na6 11. Nh4 Nxc3 12. Bxc3 Be6 13. Qe2 Rc8 14. Rac1 Qd7 15. Rfd1 Rfd8 16. e4 Bg4 17. Nf3 Bh6 18. Ra1 Bg7 19.
Qe3 dxe4 20. Qxe4 Qf5 21. Qxf5 Bxf5 22. Ne5 f6 23. Nf3 Rc7 24. h3 Rcd7 25. g4 Be4 26. Re1 f5 27. Ng5 Nc5 28.
Bxe4 fxe4 29. Nxe4 Nxe4 30. Rxe4 c5 31. Rd1 cxd4 32. Bb4 e5 33. Rd3 Rf7 34. Kg2 Rc8 35. Bd6 Rcf8 36. Bxf8 Rxf8 37.
h4 h6 38. Kg3 Bf6 39. f3 Kg7 40. h5 Bg5 41. hxg6 Bf4+ 42. Kg2 Kxg6 43. Re1 h5 44. gxh5+ Kxh5 45. Rh1+ Kg6 46. Rdd1 Rg8 47.
Kf2 Be3+ 48. Ke2 Kf6 49. Kd3 Rg2 50. Ke4 Ke6 51. Rhe1 Rxa2 52. Rxe3 dxe3 53. Kxe3 Rb2 54. Ke4 1/2-1/2